 Dungeon Crawl Stone Soup version 0.19-a0-1704-gbd66c22 (webtiles) character file.

40 4thArraOfDagon the Firebug (level 3, -4/19 HPs)
             Began as a Deep Elf Fire Elementalist on Sept 27, 2016.
             Slain by a hound (6 damage)
             ... on level 2 of the Dungeon.
             The game lasted 00:01:10 (200 turns).

4thArraOfDagon the Firebug (DEFE)                    Turns: 200, Time: 00:01:11

Health: -4/19      AC:  3    Str:  5    XL:     3   Next: 30%
Magic:  3/9        EV: 13    Int: 20    God:
Gold:   22         SH:  0    Dex: 15    Spells: 1 memorised, 7 levels left

rFire  . . .     SeeInvis .     (no weapon)
rCold  . . .     Gourm    .     a - +0 robe
rNeg   + . .     Faith    .     (no shield)
rPois  .         Spirit   .     (no helmet)
rElec  .         Dismiss  .     (no cloak)
rCorr  .         Reflect  .     (no gloves)
MR     .....     Harm     .     (no boots)
Stlth  ++........               (no amulet)
                                (no ring)
                                f - ring of positive energy

@: very slightly contaminated
A: no striking features
a: no special abilities


You were on level 2 of the Dungeon.
You were not hungry.

You visited 1 branch of the dungeon, and saw 2 of its levels.

You collected 22 gold pieces.

Inventory:

Armour
 a - a +0 robe (worn)
Jewellery
 f - a ring of positive energy (left hand)
Scrolls
 d - a scroll of identify {unknown}
 e - a scroll of recharging {unknown}
 g - a scroll of enchant weapon {unknown}
 h - a scroll of amnesia {unknown}
Books
 b - a book of Flames

   Spells                             Type                      Level
   a - Flame Tongue                   Conjuration/Fire             1
   b - Throw Flame                    Conjuration/Fire             2
   c - Conjure Flame                  Conjuration/Fire             3
   d - Inner Flame                    Hexes/Fire                   3
   e - Sticky Flame                   Conjuration/Fire             4
   f - Fireball                       Conjuration/Fire             5
Comestibles
 c - a bread ration


   Skills:
 - Level 2.4 Dodging
 - Level 2.4 Stealth
 + Level 3.4 Spellcasting
 * Level 2.3 Conjurations
 * Level 4.1 Fire Magic


You had 7 spell levels left.
You knew the following spells:

 Your Spells              Type           Power        Failure   Level  Hunger
a - Flame Tongue          Conj/Fire      ###..        3%          1    None


Dungeon Overview and Level Annotations

Branches:
Dungeon (2/15)

Altars:


Message History

The rat appears unharmed.
The hound bites you but does no damage.
Casting: Flame Tongue
Confirm with . or Enter, or press ? or * to list all spells.
Aiming: Flame Tongue
Press: ? - help, Shift-Dir - straight line, f/p - hound
Aim: a hound You miscast Flame Tongue.
You are very lightly contaminated with residual magic.
Lukewarm flames ripple over your body. The hound bites you.
* * * LOW HITPOINT WARNING * * *
The hound bites you but does no damage.
Casting: Flame Tongue
Confirm with . or Enter, or press ? or * to list all spells.
Aiming: Flame Tongue
Press: ? - help, Shift-Dir - straight line, f/p - hound
Aim: a hound The flame tongue hits the hound.
The hound is moderately wounded.
The hound bites you.
You die...

#.######.....#########
#>........(...[.......
###..........#####.##.
#..........# #.##.
#.......#### #.##.
#.....h...# #.##.
##.#####.r# #.##.
#.#####.P#'#+##.##.
#.@hr....'...#..##.
#######.P#...# #.
#..#...# ## #..# ###
####


You could see a hound and a rat.

Vanquished Creatures
  A hound (D:2)
  A gnoll (D:2)
  A goblin (D:2)
  A kobold (D:1)
4 creatures vanquished.

Notes
Turn   | Place    | Note
-------+----------+-------------------------------------------
     0 | D:1      | 4thArraOfDagon the Deep Elf Fire Elementalist began the quest for the Orb.
     0 | D:1      | Reached XP level 1. HP: 10/10 MP: 6/6
   113 | D:2      | Noticed a hound
   113 | D:2      | Noticed a hound
   123 | D:2      | Killed a hound
   123 | D:2      | Reached skill level 4 in Fire Magic
   123 | D:2      | Reached XP level 2. HP: 15/15 MP: 2/8
   123 | D:2      | Reached XP level 3. HP: 19/19 MP: 2/9
   200 | D:2      | Slain by a hound

Vault maps used:
D:1:      scummos_arrival_checkerplants, serial_forest,
          infiniplex_forest_straight_3, infiniplex_forest_clump_curved,
          infiniplex_forest_clump_curved, infiniplex_forest_clump_cross,
          infiniplex_forest_clump_double, infiniplex_forest_end_2,
          serial_bayou_pond_d, tso_metal_star
D:2:      cheibrodos_gnoll_hut, uniq_robin

Skill      XL: |  1 |
---------------+----+-----
Conjurations   | 2 |  2.3
Fire Magic     | 4 |  4.1
Dodging        | |  2.4
Stealth        | |  2.4
Spellcasting   | |  3.4

Action                   || total
-------------------------++-------
 Cast: Flame Tongue      ||    13
Armor: Robe              ||     2
Dodge: Dodged            ||     8
